 Dungeon Crawl Stone Soup version 0.25-a0-589-g1e14c54 (webtiles) character file.

Game seed: 3265843220409070914, levelgen mode: deterministic

66 Faels the Sneak (level 3, -5/27 HPs)
             Began as a Demonspawn Assassin on Mar 9, 2020.
             Slain by Terence
             ... wielding a +0 trident
              (7 damage)
             ... on level 2 of the Dungeon.
             The game lasted 00:03:46 (1381 turns).

Faels the Sneak (Demonspawn Assassin)               Turns: 1381, Time: 00:03:47

Health: -5/27      AC:  5    Str: 12    XL:     3   Next: 96%
Magic:  3/3        EV: 11    Int: 12    God:
Gold:   50         SH:  0    Dex: 14    Spells: 2/2 levels left

rFire    . . .     SeeInvis .   a - +2 dagger
rCold    . . .     Gourm    .   (no shield)
rNeg     . . .     Faith    .   h - +0 leather armour
rPois    .         Spirit   .   (helmet restricted)
rElec    .         Reflect  .   c - +0 cloak
rCorr    .         Harm     .   (no gloves)
MR       .....                  o - +0 pair of boots
Stlth    ++........             (no amulet)
HPRegen  0.09/turn              (no ring)
MPRegen  0.08/turn              (no ring)

@: brilliant, stab, hasted, very quick
A: horns 1
a: no special abilities


You were on level 2 of the Dungeon.
You were hungry.

You visited 1 branch of the dungeon, and saw 2 of its levels.

You collected 50 gold pieces.

Inventory:

Hand Weapons
 a - a +2 dagger (weapon)
 u - a cursed +0 short sword
Missiles
 d - 8 poisoned darts (quivered)
 e - 2 curare-tipped darts
Armour
 b - a +0 robe
 c - a +0 cloak (worn)
 h - a +0 leather armour (worn)
 m - a +0 scale mail
 o - a +0 pair of boots (worn)
Scrolls
 g - 2 scrolls of identify {unknown}
 j - a scroll of enchant weapon {unknown}
 l - 2 scrolls of remove curse {unknown}
 r - a scroll of enchant armour {unknown}
Potions
 p - a potion of curing {unknown}
 s - a potion of mutation {unknown}
 t - a potion of berserk rage {unknown}
Comestibles
 f - 6 rations


   Skills:
 - Level 2.0 Fighting
 * Level 3.3 Short Blades
 - Level 1.7 Throwing
 - Level 0.8 Dodging
 + Level 4.2 Stealth


You had 2 spell levels left.
You didn't know any spells.
Your spell library was empty.

Dungeon Overview and Level Annotations

Branches:
Dungeon (2/15)

Altars:
Hepliaklqana
The Shining One

Annotations:
D:2 Terence


Innate Abilities, Weirdness & Mutations

You have a pair of small horns on your head.


Message History

You feel ready to backstab. Terence hits you but does no damage.
You hit Terence.
Terence is lightly wounded.
Terence hits you with a +0 trident.
You hit Terence.
Terence is moderately wounded.
Terence barely misses you.
You hit Terence.
Terence is moderately wounded.
Terence hits you with a +0 trident.
* * * LOW HITPOINT WARNING * * *
It was a potion of brilliance.
You feel clever all of a sudden. Terence hits you but does no damage.
Terence hits you with a +0 trident.
* * * LOW HITPOINT WARNING * * *
You feel yourself speed up. Terence barely misses you.
Terence says, "How do you enjoy it?"
Terence hits you from afar with a +0 trident!
You die...

##+## #####...##
...#.....## ## #
#........## ##.##.#
##.........####...#.#
.'.........'....#...#
##.........####...###
#........## ##@##
#.#.....## #.#
##.##..[## #@#
...###+## #.# ####
#.# #.# #.# #.# #.#


You could see Terence.

Vanquished Creatures
  An adder (D:2)
  3 oozes (D:1)
  3 dart slugs (D:1)
  A leopard gecko (D:1)
  5 bats (D:1)
  3 giant cockroaches (D:1)
  6 goblins (D:1)
  4 hobgoblins (D:1)
  A frilled lizard (D:1)
  7 kobolds (D:1)
  3 rats (D:1)
37 creatures vanquished.

Vanquished Creatures (others)
  4 toadstools (D:1)
4 creatures vanquished.

Grand Total: 41 creatures vanquished

Notes
Turn   | Place    | Note
-------+----------+-------------------------------------------
     0 | D:1      | Faels the Demonspawn Assassin began the quest for the Orb.
     0 | D:1      | Reached XP level 1. HP: 16/16 MP: 1/1
   227 | D:1      | Gained mutation: You have a pair of small horns on your
                  | head. [demonic ancestry]
   227 | D:1      | Reached XP level 2. HP: 22/22 MP: 2/2
   492 | D:1      | Reached skill level 4 in Stealth
   492 | D:1      | Reached XP level 3. HP: 26/27 MP: 3/3
  1298 | D:2      | Found a hazy altar of Hepliaklqana.
  1300 | D:2      | Found a glowing golden altar of the Shining One.
  1360 | D:2      | Noticed Terence
  1381 | D:2      | Slain by Terence

Levels and vault maps discovered:
D:1:      ldierk_walled_garden_2, layout_loops_cross, minmay_vboxes
D:2:      layout_loops_corners, minitemple, chequers_ecumenical_altar_island,
          uniq_robin, uniq_terence

Skill      XL: |  1  2  3 |
---------------+----------+-----
Short Blades   | 2 3 |  3.3
Stealth        | 4 |  4.2
Fighting       | |  2.0
Throwing       | |  1.7
Dodging        | |  0.8

Action                   || total
-------------------------++-------
Melee: Dagger            ||   108
       Headbutt          ||    18
Throw: Dart              ||     3
  Use: Potion            ||     4
 Stab: Sleeping          ||     4
  Eat: Chunk             ||     1
Armor: Robe              ||    18
       Leather armour    ||     2
Dodge: Dodged            ||    68

Table legend:
 A = Non-vault XP
 B = Vault XP
 C = Vault XP percentage of total XP
 D = Non-vault monster count
 E = Vault monster count
 F = Vault count percentage of total count
                 A         B        C        D         E       F
            +---------+---------+-------+---------+---------+-------
      Total |      75 |      20 |  21.1 |      29 |       8 |  21.6
            +---------+---------+-------+---------+---------+-------
        D:1 |      62 |      20 |  24.4 |      28 |       8 |  22.2
        D:2 |      13 |       0 |   0.0 |       1 |       0 |   0.0
            +---------+---------+-------+---------+---------+-------
